 Dungeon Crawl Stone Soup version 0.29.1-2-gbd0b4ee654 (webtiles) character file.

Game seed: 2488930668070468186

61492 Tushie the Impaler (level 15, -13/92 HPs)
             Began as a Tengu Abyssal Knight on Nov 16, 2022.
             Was the Champion of Lugonu.
             Mangled by a two-headed ogre
             ... wielding a +0 giant club
              (35 damage)
             ... on level 2 of the Orcish Mines on Nov 17, 2022.
             The game lasted 02:08:52 (20328 turns).

Tushie the Impaler (Tengu Abyssal Knight)          Turns: 20328, Time: 02:08:52

Health: -13/92     AC: 12    Str: 26    XL:     15   Next: 3%
Magic:  23/23      EV: 25    Int:  7    God:    Lugonu [******]
Gold:   1028       SH:  0    Dex: 24    Spells: 14/14 levels left

rFire   + + .      SeeInvis .   N - +9 glaive (distort)
rCold   . . .      Faith    .   (shield currently unavailable)
rNeg    . . .      Spirit   .   k - +2 ring mail "Xitevim" {rF+ Str+4 Int-3 Slay+3}
rPois   .          Reflect  .   (helmet restricted)
rElec   .          Harm     .   W - +0 cloak
rCorr   .          Rampage  .   M - +0 pair of gloves
Will    ++...                   (boots unavailable)
Stlth   +.........              (no amulet)
HPRegen 0.25/turn               b - ring "Bich" {rF+ Will+ Dex+4, Bich please}
MPRegen 0.18/turn               a - +6 ring of dexterity

@: flying quickly and evasively, quick
A: beak, talons 3, nimble flight
a: Renounce Religion, Depart the Abyss, Bend Space, Banish, Corrupt, Enter the
Abyss


You were on level 2 of the Orcish Mines.
You worshipped Lugonu.
Lugonu was exalted by your worship.
You visited 3 branches of the dungeon, and saw 21 of its levels.
You visited the Abyss 1 time.
You also visited: Ossuary.

You collected 1784 gold pieces.
You spent 756 gold pieces at shops.

Inventory:

Hand Weapons
 N - a +9 glaive of distortion (weapon)
 Z - a +5 spear of venom
Missiles
 t - 20 poisoned darts (quivered)
 y - 2 javelins
 A - a throwing net
 Q - 8 boomerangs
 U - 4 curare-tipped darts
 X - 3 silver boomerangs
 Y - 3 atropa-tipped darts
Armour
 k - the +2 ring mail "Xitevim" (worn) {rF+ Str+4 Int-3 Slay+3}
   (You found it on level 2 of the Dungeon)

   Str:       It affects your strength (+4).
   Int:       It affects your intelligence (-3).
   Slay:      It affects your accuracy & damage with ranged weapons and melee
   (+3).
   rF:        It protects you from fire.
 M - a +0 pair of gloves (worn)
 W - a +0 cloak (worn)
Jewellery
 a - a +6 ring of dexterity (right hand)
 b - the ring "Bich" (left hand) {rF+ Will+ Dex+4, Bich please}
   (You found it on level 5 of the Dungeon)

   [ring of willpower]

   Dex:       It affects your dexterity (+4).
   rF:        It protects you from fire.
   Will:      It increases your willpower.
 s - a ring of poison resistance
 v - a ring of fire
 J - a ring of protection from fire
 K - a ring of magical power
Wands
 g - a wand of digging (7)
 I - a wand of flame (7)
 L - a wand of polymorph (3)
 O - a wand of light (14)
Scrolls
 e - 2 scrolls of poison
 f - 8 scrolls of immolation
 i - 3 scrolls of identify
 m - 6 scrolls of teleportation
 n - 2 scrolls of fog
 o - 3 scrolls of enchant armour
 r - 3 scrolls of magic mapping
 u - 4 scrolls of blinking {unknown}
 x - a scroll of amnesia
 B - 2 scrolls of brand weapon {unknown}
 F - 5 scrolls of summoning {unknown}
 G - 3 scrolls of vulnerability {unknown}
 H - 4 scrolls of fear {unknown}
 T - a scroll of silence
Potions
 c - 3 potions of magic
 d - 6 potions of curing
 h - 4 potions of lignification
 j - 4 potions of ambrosia
 l - 7 potions of invisibility
 p - 6 potions of brilliance
 q - 2 potions of resistance
 w - 3 potions of heal wounds
 z - 2 potions of attraction
 C - 5 potions of might
 D - 3 potions of haste
 P - a potion of cancellation
 S - a potion of mutation
Miscellaneous
 V - a condenser vane


   Skills:
 - Level 10.0 Fighting
 + Level 17.6 Polearms
 - Level 12.0 Armour
 - Level 12.0 Dodging
 - Level 10.0 Invocations


You had 14 spell levels left.
You didn't know any spells.
Your spell library contained the following spells:

 Spells                   Type           Power      Damage    Failure   Level
 Summon Ice Beast         Ice/Summ       0%         N/A       99%         4
 Summon Mana Viper        Hex/Summ       0%         N/A       100%        5
 Monstrous Menagerie      Summ           0%         N/A       100%        7


Dungeon Overview and Level Annotations

Branches:
Dungeon (14/15)            Temple (0/1) D:4            Lair (5/5) D:11
  Swamp (0/4) Lair:3        Snake (0/4) Lair:2        Slime (0/5) Lair:4
    Orc (2/2) D:12            Elf (0/3) Orc:2       Ossuary (visited)
 Vaults: D:13-14

Altars:
Fedhas
Kikubaaqudgha
Ru
Sif Muna
Trog
Vehumet
Xom
Zin
The Shining One
Jiyva

Shops:
D:2 [???!   D:4 *   D:8 [   D:13 (   Orc:2 *=*

Portals:
Gauntlet: Orc:2

Annotations:
D:4 Hat of the Alchemist 1.5k
D:8 Centaur Island, exclusions: 2 doors and 5 more exclusions
D:12 Vault with lots of dangers & rewards + 2nd vault, unrecovered's ghost, journeyman OgMo
D:13 Castle + Vault entrance?
Lair:5 exclusion: 2 oklob plants
Abyss:1 Edmund; Kirke; Sigmund; Urug


Innate Abilities, Weirdness & Mutations

You have a beak for a mouth.
You have claws for feet.
Your magical nature lets you fly swiftly and evasively.


Message History

Okay, then.
You slice the troll!!
You kill the troll!
Lugonu accepts your kill.
The troll leather armour is intact enough to wear.
You hear a shout!
Found 32 gold pieces.
A warg comes into view.
Found 7 gold pieces.
Found 33 gold pieces.
Found a gate leading to a gauntlet.
Found a staircase to the Elven Halls.
You closely miss the warg. You claw the warg.
You peck the warg, but do no damage.
The warg is lightly wounded.
The warg completely misses you.
You chop the warg into pieces!!!
You kill the warg!
Lugonu accepts your kill.
You hear a shout!
You hear a howl!
An orc comes into view. It is wielding a +0 whip.
An orc comes into view. It is wielding a +0 club.
A warg comes into view.
Found 29 gold pieces.
The warg howls!
You hear a shout!
An orc wizard comes into view. It is wielding a +3 dagger.
An orc warrior comes into view. It is wielding a +0 glaive.
A sourceless malevolence fills the Orcish Mines... and a teleportation trap spontaneously manifests!
You are yanked towards some nearby monsters!
Your surroundings seem slightly different.
An orc knight and an orc priest come into view.
The orc priest shouts!
An orc warrior comes into view. It is wielding a +0 short sword.
The orc warrior shouts!
The warg attacks as you move away! The warg misses you.
The warg attacks as you move away! The warg bites you but does no damage.
There is a gate leading to a gauntlet here.
Beware, the minotaur awaits!
The warg barely misses you.
The two-headed ogre hits you with a +0 giant club!!
You die...

...#**,,,,,,,,,,*,,,,,,,,**
.$##,.......,,,**,......,,**
.##*#.......##****......,,,*
..#*.........## *#......,,**
..#*##...o....###.......,,,*
...*#......$o..#........,*,*
...##.......o...>.......****
#...*#......o..........#*
,#.##*#..$....Oh@.......*
,,,,* ####$..O.Oo......#*
.*..** #.....T.oo...###
.....* ##...........#*
..$..####.............#*
...(...#...............#*
...........$............*
........................***
#..O(........#.........,,,*


You could see an orc knight, 3 two-headed ogres, a troll, a warg, 2 orc
warriors, an orc priest, an orc wizard and 2 orcs.

Vanquished Creatures
  A dire elephant (Lair:5)
  Snorg (D:12)
  A fire dragon (Lair:5)
  Erolcha (D:10)
  A catoblepas (Lair:5)
  The ghost of Goreval the Basher, a novice TrBe of Trog (D:10)
  2 hydras
  A centaur warrior (D:13)
  3 two-headed ogres
  3 death yaks (Lair:5)
  Sonja (D:11)
  A swamp dragon (Lair:5)
  A lindwurm (Lair:5)
  2 wolf spiders (Lair:5)
  2 orc sorcerers (Orc:2)
  4 cyclopes
  23 elephants
  Maurice (D:12)
  4 black mambas (Lair:5)
  A gargoyle (D:12)
  13 cane toads
  2 komodo dragons
  12 rime drakes
  5 trolls
  A hornet (D:9)
  2 polar bears
  3 tyrant leeches (Lair:3)
  Prince Ribbit (D:5)
  Grinder (D:6)
  12 blink frogs
  11 slime creatures
  2 dream sheep (Lair:5)
  2 shadows
  2 vampires
  A wyvern (Lair:3)
  36 yaks
  A wraith (D:13)
  A water elemental (D:11)
  5 hogs (D:12)
  4 basilisks
  A neqoxec (D:10)
  2 steam dragons
  A warg (Orc:2)
  A naga (Lair:2)
  16 water moccasins
  3 acid dragons
  A floating eye (Lair:5)
  9 orc warriors
  A black bear (D:7)
  7 ogres
  5 wolves
  4 centaurs
  A phantom (D:5)
  3 elf zombies (Ossuary)
  3 kobold brigands (D:12)
  21 bullfrogs
  4 gnoll sergeants (D:12)
  3 necrophages (D:5)
  7 wights
  5 killer bees (D:8)
  5 howler monkeys
  4 electric eels
  3 quasits (D:10)
  2 bullfrog zombies (D:5)
  4 human zombies
  3 jellies
  3 hounds
  8 orc priests
  Natasha (D:3)
  2 iguanas (Lair:5)
  13 orc wizards
  2 scorpion zombies (D:5)
  4 hell rats (Lair:5)
  A killer bee zombie (D:5)
  2 mummies (Ossuary)
  15 gnolls
  A howler monkey zombie (D:5)
  8 adders
  A shadow imp (D:7)
  A white imp (D:8)
  2 adder zombies (Ossuary)
  A worm (D:4)
  A dart slug (D:2)
  45 orcs
  15 endoplasms
  2 giant cockroaches
  10 goblins
  12 hobgoblins
  3 jackals (D:2)
  13 kobolds
  4 quokkas
  6 ball pythons
  10 bats
  3 frilled lizards
  2 goblin zombies (Ossuary)
  11 hobgoblin zombies (Ossuary)
  6 kobold zombies (Ossuary)
  8 orc zombies (Ossuary)
  4 rats
  2 rat zombies
513 creatures vanquished.

Vanquished Creatures (others)
  A bush (Lair:2)
  60 fungi
  97 plants
158 creatures vanquished.

Grand Total: 671 creatures vanquished

Notes
Turn   | Place    | Note
-------+----------+-------------------------------------------
     0 | Abyss:1  | Tushie the Tengu Abyssal Knight began the quest for the
                  | Orb.
     0 | Abyss:1  | Reached XP level 1. HP: 14/14 MP: 3/3
     8 | Abyss:3  | Found a corrupted altar of Lugonu.
    23 | Abyss:3  | Noticed a freezing wraith
    25 | D:1      | Escaped the Abyss
   188 | D:1      | Reached XP level 2. HP: 18/19 MP: 4/4
   571 | D:1      | Reached XP level 3. HP: 23/23 MP: 5/5
   644 | D:1      | Reached skill level 2 in Invocations
   778 | D:2      | Identified the +2 ring mail "Xitevim" {rF+ Str+4 Int-3
                  | Slay+3}
   822 | D:2      | Reached *** piety under Lugonu
   827 | D:2      | Reached skill level 3 in Polearms
   847 | D:2      | Found a bloodstained altar of Trog.
   849 | D:2      | Found Vuumit's Magic Scroll Boutique.
   854 | D:2      | Found Olola's Antique Armour Emporium.
   997 | D:2      | Found Noeloum's Distillery.
  1108 | D:2      | Reached XP level 4. HP: 26/28 MP: 6/6
  1182 | D:2      | Reached skill level 2 in Dodging
  1389 | D:2      | Found Veykh's Magic Scroll Emporium.
  1433 | D:2      | Found Nyonam's Magic Scroll Emporium.
  1439 | D:2      | Bought a scroll of noise for 13 gold pieces
  1522 | D:2      | Gained mutation: Your magical nature lets you fly swiftly
                  | and evasively. [Tengu growth]
  1522 | D:2      | Reached XP level 5. HP: 27/32 MP: 7/7
  1718 | D:3      | Noticed Natasha
  1726 | D:3      | Killed Natasha
  1727 | D:3      | Reached skill level 3 in Armour
  1783 | D:3      | Reached skill level 4 in Polearms
  1979 | D:3      | Found a glowing silver altar of Zin.
  2095 | D:3      | Reached **** piety under Lugonu
  2222 | D:3      | Found a faded altar of an unknown god.
  2258 | D:4      | Found a blossoming altar of Fedhas.
  2307 | D:4      | Found Mixist's Assorted Antiques.
  2324 | D:4      | Bought a scroll labelled QIUGRU URAILEPS for 31 gold pieces
  2324 | D:4      | Bought a scroll labelled PUEP LOYCIJ for 31 gold pieces
  2324 | D:4      | Bought 2 sedimented brown potions for 55 gold pieces
  2324 | D:4      | Bought a scroll labelled EVOEPR CENONO for 31 gold pieces
  2324 | D:4      | Bought a bubbling purple potion for 27 gold pieces
  2434 | D:4      | Found a staircase to the Ecumenical Temple.
  2595 | D:4      | Noticed Sigmund
  2596 | D:4      | Banished Sigmund
  2597 | D:4      | Reached XP level 6. HP: 38/38 MP: 3/9
  2612 | D:4      | Noticed Edmund
  2624 | D:4      | Banished Edmund
  2625 | D:4      | Reached skill level 4 in Fighting
  2625 | D:4      | Reached skill level 5 in Polearms
  2625 | D:4      | Reached skill level 3 in Dodging
  2625 | D:4      | Reached skill level 3 in Invocations
  2625 | D:4      | Reached XP level 7. HP: 43/43 MP: 1/10
  2880 | D:4      | Found a sacrificial altar of Ru.
  3169 | D:4      | Reached skill level 4 in Armour
  3302 | D:4      | Found a bloodstained altar of Trog.
  3484 | D:5      | Entered Level 5 of the Dungeon
  3495 | D:5      | Noticed Prince Ribbit
  3572 | D:5      | Reached skill level 6 in Polearms
  3635 | D:5      | Reached XP level 8. HP: 48/48 MP: 11/11
  3732 | D:5      | Reached skill level 4 in Dodging
  3744 | D:5      | Killed Prince Ribbit
  3878 | D:5      | Identified the ring "Bich" {rF+ Will+ Dex+4}
  3989 | D:5      | Reached skill level 4 in Invocations
  3994 | D:5      | Reached skill level 5 in Fighting
  3994 | D:5      | Reached skill level 7 in Polearms
  3994 | D:5      | Reached skill level 5 in Armour
  4075 | D:5      | Found an ancient bone altar of Kikubaaqudgha.
  4082 | D:5      | Reached ***** piety under Lugonu
  4088 | D:5      | Reached skill level 5 in Dodging
  4101 | D:5      | Reached XP level 9. HP: 49/54 MP: 13/13
  4233 | D:6      | Noticed Grinder
  4245 | D:6      | Killed Grinder
  4246 | D:6      | Reached skill level 8 in Polearms
  4261 | D:6      | Reached skill level 5 in Invocations
  4411 | D:6      | Found a sand-covered staircase.
  4420 | Ossuary  | Entered an ossuary
  4564 | Ossuary  | Reached skill level 9 in Polearms
  5212 | D:7      | Reached skill level 10 in Polearms
  5458 | D:7      | Found a radiant altar of Vehumet.
  5473 | D:7      | Reached skill level 6 in Invocations
  5608 | D:7      | Reached XP level 10. HP: 57/59 MP: 15/15
  6360 | D:8      | Found a glowing golden altar of the Shining One.
  6424 | D:8      | Reached skill level 6 in Fighting
  6704 | D:8      | Found Doleng's Armour Shop.
  6796 | D:8      | Reached skill level 7 in Invocations
  6935 | D:8      | Reached skill level 11 in Polearms
  7301 | D:9      | Reached skill level 7 in Fighting
  7902 | D:10     | Entered Level 10 of the Dungeon
  7913 | D:10     | Noticed a two-headed ogre
  7943 | D:10     | Killed a two-headed ogre
  8048 | D:10     | Found a transporter.
  8059 | D:10     | Noticed Goreval's ghost (novice TrBe)
  8071 | D:10     | Found a transporter.
  8315 | D:10     | Reached XP level 11. HP: 35/68 MP: 17/17
  8596 | D:10     | Reached skill level 8 in Invocations
  8634 | D:10     | Noticed Erolcha
  8640 | D:10     | Killed Erolcha
  8641 | D:10     | Reached skill level 8 in Fighting
  8897 | D:11     | Reached skill level 12 in Polearms
  9081 | D:11     | Noticed a five-headed hydra
  9088 | D:11     | Killed a five-headed hydra
  9136 | D:11     | Noticed Sonja
  9153 | D:11     | Killed Sonja
  9594 | D:11     | Found a staircase to the Lair.
  9705 | D:11     | You are sucked into a shaft and drop 3 floors!
  9750 | D:14     | Noticed a cyclops
  9766 | D:14     | Killed a cyclops
  9805 | D:14     | Found a shimmering altar of Xom.
  9807 | D:14     | Noticed a deep elf pyromancer
  9853 | D:12     | Noticed Maurice
  9882 | D:12     | Killed Maurice
  9893 | D:12     | Reached ****** piety under Lugonu
  9894 | D:12     | Reached skill level 6 in Dodging
  9898 | D:12     | Reached skill level 6 in Armour
 10080 | D:12     | Reached skill level 9 in Invocations
 10104 | D:12     | Noticed a six-headed hydra
 10106 | D:12     | Banished a six-headed hydra
 10221 | D:12     | Reached XP level 12. HP: 64/75 MP: 19/19
 10316 | D:12     | Noticed Snorg
 10333 | D:12     | Killed Snorg
 10334 | D:12     | Reached skill level 9 in Fighting
 10453 | D:12     | Found a transporter.
 10479 | D:12     | Noticed an ogre mage
 10479 | D:12     | Noticed an ogre mage
 10596 | D:11     | Noticed a two-headed ogre
 10655 | D:11     | Killed a two-headed ogre
 10656 | D:11     | Reached skill level 7 in Dodging
 10883 | D:11     | Reached skill level 7 in Armour
 11191 | D:11     | Identified a +2 glaive of distortion (a +0 glaive corrupted
                  | by Lugonu)
 11191 | D:11     | Received a gift from Lugonu
 11377 | D:2      | Bought a scroll of enchant weapon for 97 gold pieces
 11377 | D:2      | Bought 3 scrolls of enchant weapon for 292 gold pieces
 11377 | D:2      | Bought a scroll of enchant weapon for 97 gold pieces
 11418 | D:2      | Bought a scroll of enchant weapon for 82 gold pieces
 11606 | D:10     | Killed Goreval's ghost
 11613 | D:10     | Reached skill level 13 in Polearms
 11858 | D:12     | Found a staircase to the Orcish Mines.
 12210 | D:12     | Found a shimmering blue altar of Sif Muna.
 12254 | D:12     | Noticed Kirke
 12274 | D:12     | Banished Kirke
 12356 | D:12     | Noticed an ogre mage
 12791 | D:12     | Found a runed translucent gate.
 12791 | D:12     | Found a runed translucent gate.
 12792 | D:12     | Found a runed translucent gate.
 12950 | D:12     | Noticed unrecovered's ghost (journeyman OgMo)
 12953 | D:12     | Identified the +0 crystal plate armour "Cantymuc" {rPois
                  | rC- rCorr Str+5}
 13064 | D:13     | Noticed Urug
 13076 | D:13     | Banished Urug
 13371 | D:13     | Noticed a centaur warrior
 13384 | D:13     | Killed a centaur warrior
 13385 | D:13     | Reached skill level 8 in Armour
 13385 | D:13     | Reached skill level 8 in Dodging
 13660 | D:13     | Noticed a vault guard
 13680 | D:13     | Found Fengyts's Weapon Shoppe.
 13822 | D:13     | Reached skill level 10 in Invocations
 13857 | D:13     | Noticed a two-headed ogre
 13866 | D:13     | Killed a two-headed ogre
 13867 | D:13     | Reached skill level 10 in Fighting
 13867 | D:13     | Reached XP level 13. HP: 82/82 MP: 21/21
 13946 | D:13     | Noticed a vault guard
 14047 | Lair:1   | Entered Level 1 of the Lair of Beasts
 14767 | Lair:2   | Reached skill level 9 in Dodging
 14776 | Lair:2   | Reached skill level 9 in Armour
 14782 | Lair:2   | Reached skill level 14 in Polearms
 15324 | Lair:2   | Found a staircase to the Snake Pit.
 15724 | Lair:3   | Reached skill level 10 in Dodging
 15817 | Lair:3   | Reached skill level 10 in Armour
 16092 | Lair:3   | Found a staircase to the Swamp.
 16711 | Lair:4   | Reached skill level 15 in Polearms
 16892 | Lair:4   | Found a staircase to the Slime Pits.
 16892 | Lair:4   | Found a viscous altar of Jiyva.
 17473 | Lair:5   | Entered Level 5 of the Lair of Beasts
 17515 | Lair:5   | Reached XP level 14. HP: 88/88 MP: 22/22
 17522 | Lair:5   | Reached skill level 16 in Polearms
 18240 | Lair:5   | Reached skill level 11 in Armour
 18240 | Lair:5   | Reached skill level 11 in Dodging
 19002 | Lair:5   | Paralysed by a floating eye for 2 turns
 19132 | Lair:5   | Noticed a dire elephant
 19157 | Lair:5   | HP: 4/88 [dire elephant (31)]
 19165 | Lair:5   | Killed a dire elephant
 19166 | Lair:5   | Reached skill level 17 in Polearms
 19683 | Lair:5   | Reached skill level 12 in Armour
 19683 | Lair:5   | Reached skill level 12 in Dodging
 19828 | Lair:5   | Identified the +0 pair of boots of the Minstrel {MP+9}
 20003 | Orc:1    | Entered Level 1 of the Orcish Mines
 20190 | Orc:2    | Entered Level 2 of the Orcish Mines
 20260 | Orc:2    | Found Aroreph's General Store.
 20260 | Orc:2    | Found Mudwutax's Assorted Antiques.
 20260 | Orc:2    | Found Jiprik's Jewellery Shoppe.
 20265 | Orc:2    | Reached XP level 15. HP: 42/92 MP: 21/23
 20316 | Orc:2    | Found a gate leading to a gauntlet.
 20318 | Orc:2    | Found a staircase to the Elven Halls.
 20328 | Orc:2    | Mangled by a two-headed ogre

Illustrated notes

Levels and vault maps discovered:
D:1:      dpeg_arrival_lava_temple_mockup, layout_basic, minmay_pentomino_t4
D:2:      layout_basic, serial_glass, glass_columns_b, glass_columns_b,
          glass_columns_b, glass_columns_a, glass_columns_c, glass_columns_c,
          basic_altar, serial_shops, shop, shop, shop, nicolae_lakefront_shop,
          nicolae_shop_statue_plus, hangedman_decor_lopped, kennysheep_potato
D:3:      layout_basic, zin_statuary, shapermc_ecumenical_altar_acropolis,
          minmay_misc_feat_tiny, uniq_natasha
D:4:      corexii_shantytown, layout_basic, fedhas_altar_2,
          amcnicky_altar_gilded, lemuel_doored_altar, minmay_temple_entry_tees,
          serial_shops, shop, sigmund_edmund_badplayer, uniq_sigmund
D:5:      layout_basic, lemuel_mausoleum_altar_kikubaaqudgha,
          uniq_prince_ribbit1
D:6:      layout_loops_ring, enter_ossuary_3, serial_rivers,
          chequers_serial_rivers_micro_a, chequers_serial_rivers_micro_d,
          chequers_serial_rivers_small_a, chequers_serial_rivers_small_3,
          chequers_serial_rivers_micro_b, wad_floor_pattern_2,
          minmay_microvault, uniq_grinder
D:7:      layout_basic, vehumet_altar_wand_db
D:8:      layout_gridville, general_overflow_altar, serial_shops,
          shop_fountains, centaur_isle
D:9:      layout_loops_ring, minivault_11
D:10:     layout_irregular_city, gammafunk_ghost_stat_death, uniq_erolcha
D:11:     wad_lake_hut, layout_irregular_city, due_lair_maze_entry_diamond,
          uniq_sonja
D:12:     gammafunk_sealed_library, layout_basic,
          kennysheep_orc_monster_closet_entryway,
          portal_ice_cave_entry_pillars_2, biasface_ghost_orc_armoury,
          uniq_snorg, uniq_kirke, uniq_maurice
D:13:     layout_roguey, grunt_vaults_entry_fortified, serial_shops, shop,
          uniq_urug
D:14:     layout_loops_ring, xom_teletrap_fun
Lair:1:   layout_small_grid
Lair:2:   layout_chaotic_city, guppyfry_snake_entry_island, grunt_megastairs_4,
          lemuel_fruit_fields, lemuel_fruit_tree
Lair:3:   layout_hall_layers, minmay_swamp_entry_worms, guppyfry_lair_drakes
Lair:4:   layout_gridlike, minmay_slime_entry_pillars
Lair:5:   hangedman_lair_in_review, layout_gridlike, guppyfry_lair_end_dragon,
          serial_bayou_ford_a, disabler_island
Orc:1:    layout_diamond_mine
Orc:2:    st_orc_open, layout_diamond_mine, gauntlet_entry_generic

Skill      XL: |  1  2  3  4  5  6  7  8  9 10 11 12 13 14 |
---------------+-------------------------------------------+-----
Invocations    | 2 3 4 6 7 9 10 | 10.0
Polearms       | 3 4 5 6 7 10 11 12 13 15 17 | 17.6
Dodging        | 2 3 5 6 8 10 12 | 12.0
Armour         | 3 4 5 6 8 10 12 | 12.0
Fighting       | 4 5 7 8 10 | 10.0

Action                   |  1- 3 |  4- 6 |  7- 9 | 10-12 | 13-15 || total
-------------------------+-------+-------+-------+-------+-------++-------
Melee: Spear             |    84 |    77 |   324 |   386 |     4 ||   875
       Peck              |    11 |     9 |    52 |   114 |    88 ||   274
       Kick              |    11 |    12 |   118 |   221 |   158 ||   520
       Punch             |       |       |     1 |       |       ||     1
       Glaive            |       |       |       |   105 |   472 ||   577
Throw: Dart              |       |       |    19 |    52 |    29 ||   100
       Javelin           |       |       |     2 |       |       ||     2
       Throwing net      |       |       |       |     1 |       ||     1
Invok: Banish            |       |     2 |       |     2 |     2 ||     6
       Bend Space        |       |       |       |     4 |     7 ||    11
       Brand Weapon With |       |       |       |     1 |       ||     1
Evoke: Wand              |       |       |       |    10 |     2 ||    12
  Use: Scroll            |       |       |     6 |    14 |    10 ||    30
       Potion            |       |       |       |     8 |     5 ||    13
 Stab: Sleeping          |     2 |       |       |       |     2 ||     4
       Held in net/web   |       |       |       |     2 |       ||     2
       Distracted        |       |       |       |       |     4 ||     4
       Petrified         |       |       |       |       |     1 ||     1
Armor: Leather armour    |     9 |       |       |       |       ||     9
       Scale mail        |     4 |       |       |       |       ||     4
       Ring mail         |     8 |    12 |    32 |    98 |    55 ||   205
Dodge: Dodged            |    33 |    20 |    86 |   288 |   324 ||   751
